 Dungeon Crawl Stone Soup version 0.30-a0-4-ga7cffc901d (webtiles) character file.

Game seed: 17970462331977358337

101532 Flugkiller the Warrior (level 15, -8/129 (147) HPs)
             Began as a Minotaur Fighter on Aug 21, 2022.
             Was an Initiate of Gozag.
             Mangled by a pharaoh ant (9 damage)
             ... on level 2 of the Spider Nest.
             The game lasted 00:17:03 (28622 turns).

Flugkiller the Warrior (Minotaur Fighter)          Turns: 28622, Time: 00:17:04

HP:   -8/129 (147)  AC: 32    Str: 30      XL:     15   Next: 83%
MP:   0/14          EV:  6    Int:  5      God:    Gozag
Gold: 3511          SH:  0    Dex: 17 (20) Spells: 14/14 levels left

rFire   + + .      SeeInvis .    a - +5 broad axe (vamp)
rCold   + + .      Faith    .    c - +0 buckler
rNeg    . . .      Spirit   .    C - +2 gold dragon scales of Gulax Tie {rPois rF+ rC+ Str+4 Dex+4}
rPois   +          Reflect  .    V - +1 hat
rElec   +          Harm     .    m - scarf {rC+ rF+}
rCorr   .          Rampage  .    F - +2 pair of gloves
Will    ++...                    x - +0 pair of boots
Stlth   ..........               h - amulet of the acrobat
HPRegen 0.31/turn                Y - ring "Cyneypp" {rElec rPois Will+ Str+4 Slay+3}
MPRegen 0.14/turn                p - +4 ring of protection

@: brilliant, about to teleport, gold aura, held, hasted and slowed, studying
Shields, heavily drained
A: horns 2, retaliatory headbutt
a: Renounce Religion, Potion Petition, Call Merchant, Bribe Branch


You were on level 2 of the Spider Nest.
You worshipped Gozag.
Gozag was most pleased with you.
You visited 5 branches of the dungeon, and saw 25 of its levels.
You also visited: Bailey and Gauntlet.

You collected 7648 gold pieces.
You spent 2525 gold pieces at shops.
You paid 1612 gold pieces to Gozag.

Inventory:

Hand Weapons
 a - a +5 vampiric broad axe (weapon)
   (You took it off a death knight on level 14 of the Dungeon)
 b - a +6 war axe of flaming
   (You took it off Urug on level 4 of the Lair of Beasts)
Missiles
 A - 2 throwing nets
 G - 18 boomerangs (quivered)
 R - 13 javelins
Armour
 c - a +0 buckler (worn)
 m - a scarf of resistance (worn)
   (You found it on level 2 of the Dungeon)
 x - a +0 pair of boots (worn)
   (You found it on level 3 of the Dungeon)
 C - the +2 gold dragon scales of Gulax Tie (worn) {rPois rF+ rC+ Str+4 Dex+4}
   (You bought it in a shop on level 2 of the Orcish Mines)

   Str:       It affects your strength (+4).
   Dex:       It affects your dexterity (+4).
   rF:        It protects you from fire.
   rC:        It protects you from cold.
   rPois:     It protects you from poison.
 F - a +2 pair of gloves (worn)
   (You found it on level 2 of the Dungeon)
 P - the +0 hat "Gitrydgho" {rPois Dex+2}
   (You found it in a Gauntlet)

   Dex:       It affects your dexterity (+2).
   rPois:     It protects you from poison.
 V - a +1 hat (worn)
   (You took it off Gastronok on level 1 of the Lair of Beasts)
Jewellery
 f - a ring of protection from fire
   (You took it off a minotaur in a Gauntlet)
 h - an amulet of the acrobat (around neck)
   (You found it on level 1 of the Dungeon)
 i - a ring of see invisible
   (You found it on level 2 of the Dungeon)
 o - a ring of poison resistance
   (You found it on level 11 of the Dungeon)
 p - a +4 ring of protection (right hand)
   (You found it on level 11 of the Dungeon)
 Y - the ring "Cyneypp" (left hand) {rElec rPois Will+ Str+4 Slay+3}
   (You acquired it on level 5 of the Lair of Beasts)

   [ring of willpower]

   Str:       It affects your strength (+4).
   Slay:      It affects your accuracy & damage with ranged weapons and melee
   (+3).
   rElec:     It insulates you from electricity.
   rPois:     It protects you from poison.
   Will:      It increases your willpower.
Wands
 g - a wand of digging (12)
   (You found it on level 8 of the Dungeon)
 v - a wand of quicksilver (9)
   (You found it on level 8 of the Dungeon)
 y - a wand of mindburst (31)
   (You found it on level 3 of the Dungeon)
 Q - a wand of iceblast (20)
   (You found it on level 7 of the Dungeon)
 W - a wand of charming (12)
   (You found it on level 4 of the Lair of Beasts)
Scrolls
 e - 5 scrolls of immolation
 j - a scroll of brand weapon
 k - a scroll of summoning
 l - 6 scrolls of magic mapping
 s - 4 scrolls of fog
 t - 9 scrolls of teleportation
 u - 8 scrolls of poison
 I - a scroll of vulnerability
Potions
 d - 3 potions of might
 n - 4 potions of resistance
 q - 18 potions of curing
 B - 4 potions of mutation
 D - 6 potions of lignification
 E - a potion of flight {unknown}
 H - 4 potions of brilliance
 J - a potion of experience {unknown}
 K - 3 potions of berserk rage {unknown}
 M - 2 potions of haste {unknown}
 O - 4 potions of invisibility
 U - 5 potions of cancellation
 X - 3 potions of ambrosia {unknown}
Miscellaneous
 S - a piece from Xom's chessboard (15/15)
   (You found it in a Gauntlet)


   Skills:
 + Level 17.1 Fighting
 - Level 14.0 Axes
 - Level 15.0 Throwing
 - Level 15.0 Armour
 - Level 13.0 Dodging
 - Level 0.1 Stealth
 + Level 11.8 Shields
 - Level 6.0 Evocations


You had 14 spell levels left.
You didn't know any spells.
Your spell library was empty.

Dungeon Overview and Level Annotations

Branches:
Dungeon (15/15)            Temple (1/1) D:7            Lair (5/5) D:8
 Shoals (0/4) Lair:3       Spider (2/4) Lair:2        Slime (0/5) Lair:4
    Orc (2/2) D:12            Elf (0/3) Orc:2        Vaults (0/5) D:14
 Depths (0/4) D:15         Bailey (visited)         Gauntlet (visited)

Altars:
Ashenzari
Cheibriados
Dithmenos
Elyvilon
Fedhas
Gozag
Hepliaklqana
Kikubaaqudgha
Makhleb
Nemelex Xobeh
Okawaru
Qazlal
Ru
Sif Muna
Trog
Uskayaw
Vehumet
Wu Jian
Xom
Yredelemnul
Zin
The Shining One

Shops:
D:4 =:   D:5 [   D:9 [   Orc:1 (   Orc:2 (!:[:


Innate Abilities, Weirdness & Mutations

You have a pair of horns on your head.
You reflexively headbutt those who attack you in melee.


Message History

Something hits you but does no damage.
Something stings you but does no damage.
You feel much better.
The jorogumo seems to regain its courage.
You block the wolf spider's attack.
The wolf spider bites you but does no damage.
The pharaoh ant bites you but does no damage.
Something hits you but does no damage. Something hits you.
Something stings you but does no damage.
The wolf spider hits you but does no damage.
The wolf spider bites you but does no damage.
The pharaoh ant bites you but does no damage.
Cornered, the torpor snail turns to fight!
Something hits you.
* * * LOW HITPOINT WARNING * * *
You feel clumsy. Something hits you but does no damage.
Something stings you but does no damage.
The wolf spider hits you.
* * * LOW HITPOINT WARNING * * *
The wolf spider completely misses you. The pharaoh ant bites you!!
* * * LOW HITPOINT WARNING * * *
You feel much better.
The wolf spider hits you but does no damage.
The wolf spider bites you but does no damage.
Something hits you but does no damage. x2
Something stings you but does no damage.
Cornered, the jorogumo turns to fight!
The pharaoh ant barely misses you. You furiously retaliate!
You headbutt the pharaoh ant!
A tarantella comes into view.
The wolf spider hits you but does no damage.
The wolf spider bites you!
* * * LOW HITPOINT WARNING * * *
You feel you are being watched by something.
You block something's attack. Something hits you but does no damage.
You block something's attack. The pharaoh ant bites you!!
* * * LOW HITPOINT WARNING * * *
You feel drained.
* * * LOW HITPOINT WARNING * * *
You feel much better.
The tarantella's many legs skitter faintly.
You feel you are being watched by something.
The wolf spider hits you but does no damage.
The wolf spider barely misses you. The pharaoh ant closely misses you.
Something hits you.
* * * LOW HITPOINT WARNING * * *
You feel clumsy. Something hits you but does no damage.
Something stings you but does no damage.
The jorogumo stares at you and mumbles some strange words.
The stream of webbing hits you but does no damage.
You are caught in a web!
The torpor snail barely misses you. You furiously retaliate!
You headbutt the torpor snail!
The wolf spider hits you but does no damage.
The wolf spider closely misses you. The pharaoh ant barely misses you.
You furiously retaliate!
You headbutt the pharaoh ant!
As you read the scroll of fear, it crumbles to dust.
You assume a fearsome visage.
The torpor snail looks frightened!
The pharaoh ant is unaffected.
The redback looks frightened!
The jorogumo looks frightened!
The wolf spider looks frightened!
The tarantella looks frightened!
The jumping spider leaps!
The pharaoh ant bites you!
* * * LOW HITPOINT WARNING * * *
A jumping spider comes into view.
Cornered, the wolf spider turns to fight!
The pharaoh ant bites you.
* * * LOW HITPOINT WARNING * * *
You feel drained.
* * * LOW HITPOINT WARNING * * *
As you read the scroll of teleportation, it crumbles to dust.
You feel strangely unstable.
The jumping spider's many legs skitter faintly.
The wolf spider hits you but does no damage.
The wolf spider bites you.
* * * LOW HITPOINT WARNING * * *
Cornered, the jorogumo turns to fight!
The pharaoh ant barely misses you.
The jumping spider pounces on you but does no damage.
The jumping spider bites you.
* * * LOW HITPOINT WARNING * * *
The wolf spider barely misses you. You furiously retaliate!
You headbutt the wolf spider!
You kill the wolf spider!
The pharaoh ant bites you but does no damage.
You feel you are being watched by something.
You feel your power leaking away.
The jumping spider leaps!
Okay, then. [a] - 392 gold - haste and brilliance [b] - 300 gold - invisibility and might [c] - 230 gold - resistance Purchase which effect?
You feel yourself speed up.
You feel clever all of a sudden.
The jumping spider seems to regain its courage.
The pharaoh ant bites you but does no damage.
Something hits you but does no damage. x2
Something stings you but does no damage.
The jumping spider leaps! x2; The pharaoh ant bites you!
You die...
Your body crumbles into a pile of gold.

###
..#####$##
......°@<#
..^.○.B..^#
....s.s.###
#........
####..Hw.
###..○.
#.#.. ##
..#


You could see a jorogumo, a torpor snail (fleeing), a pharaoh ant and 2 jumping
spiders.

Vanquished Creatures
  Jorgrun (D:12)
  Rupert (Spider:1)
  Gastronok (Lair:1)
  Agnes (D:14)
  3 emperor scorpions (Spider:1)
  A spark wasp (Spider:1)
  An entropy weaver (Spider:1)
  A minotaur (Gauntlet)
  A fire dragon (Lair:5)
  An ettin (D:15)
  Josephine (Spider:1)
  Snorg (D:12)
  Fannar (Orc:1)
  Erolcha (D:12)
  4 hydras
  2 ogre magi (Orc:2)
  3 centaur warriors
  A two-headed ogre (D:11)
  4 death knights
  A death yak (Lair:2)
  2 tengu warriors (D:15)
  An orc high priest (Bailey)
  Urug (Lair:4)
  A fire crab (Lair:4)
  7 skeletal warriors (D:14)
  2 pharaoh ants (Spider:1)
  2 deep trolls
  A phantasmal warrior (D:14)
  2 orb spiders (Spider:1)
  An orc knight (Orc:1)
  13 ugly things
  3 necromancers
  8 orc sorcerers (Orc:2)
  4 wolf spiders
  4 cyclopes
  2 moths of wrath (Spider:1)
  7 manticores
  10 elephants
  6 black mambas (Lair:5)
  Joseph (D:7)
  Maurice (Orc:1)
  A guardian serpent (Lair:5)
  A torpor snail (shapeshifter) (D:15)
  11 cane toads
  A gargoyle (D:12)
  5 kobold demonologists
  2 torpor snails
  An unseen horror (D:12)
  Psyche (D:9)
  A demonic crawler (Spider:1)
  11 rime drakes
  5 komodo dragons
  2 freezing wraiths (D:14)
  A merfolk (Lair:3)
  6 meliai
  2 polar bears
  4 hornets
  5 tarantellas (Spider:1)
  4 trolls
  3 blink frogs (Lair:4)
  9 dream sheep
  4 jumping spiders (Spider:1)
  7 culicivoras (Spider:1)
  2 water elementals (D:12)
  4 wraiths (Spider:1)
  3 shadows (Gauntlet)
  A vampire (D:12)
  28 yaks
  A basilisk (shapeshifter) (D:14)
  4 basilisks
  9 wyverns
  14 steam dragons
  A neqoxec (Gauntlet)
  23 redbacks
  14 vampire mosquitoes
  A chaos spawn (Gauntlet)
  25 water moccasins
  2 acid dragons
  3 ice beasts
  4 black bears
  34 orc warriors
  A swamp drake (D:8)
  3 sky beasts
  7 ogres
  17 centaurs
  6 wolves
  A phantom (D:7)
  6 kobold brigands
  7 bullfrogs
  A necrophage (D:5)
  3 scorpions
  6 killer bees (D:10)
  A vampire bat (D:8)
  4 howler monkeys
  10 electric eels
  6 hounds
  A gnoll bouda (D:6)
  13 jellies
  13 orc priests
  2 iguanas
  Jessica (D:3)
  41 orc wizards
  7 hell rats (Lair:2)
  5 gnolls
  8 adders
  A white imp (D:6)
  3 ufetubi (D:5)
  3 worms
  A dart slug (D:2)
  72 orcs
  9 endoplasms
  6 giant cockroaches
  10 goblins
  10 hobgoblins
  3 jackals (D:5)
  5 quokkas
  3 training dummies (Orc:1)
  2 ball pythons (D:1)
  11 bats
  2 frilled lizards
  14 kobolds
  6 rats
701 creatures vanquished.

Vanquished Creatures (others)
  A demonic plant (Gauntlet)
  17 fungi
  28 plants
46 creatures vanquished.

Grand Total: 747 creatures vanquished

Notes
Turn   | Place    | Note
-------+----------+-------------------------------------------
     0 | D:1      | Flugkiller the Minotaur Fighter began the quest for the
                  | Orb.
     0 | D:1      | Reached XP level 1. HP: 19/19 MP: 0/0
   198 | D:1      | Reached XP level 2. HP: 27/27 MP: 1/1
   689 | D:2      | Found a basalt altar of Yredelemnul.
   764 | D:2      | Reached skill level 4 in Fighting
   766 | D:2      | Identified the +4 scale mail "Kocag" {Will++ Str+3}
   865 | D:2      | Reached XP level 3. HP: 33/33 MP: 2/2
  1188 | D:2      | Found a faded altar of an unknown god.
  1564 | D:3      | Reached XP level 4. HP: 41/41 MP: 3/3
  1625 | D:3      | Noticed Jessica
  1630 | D:3      | Killed Jessica
  1850 | D:4      | Found Qepn's Book Shop.
  1890 | D:4      | Reached XP level 5. HP: 42/47 MP: 4/4
  1993 | D:4      | Noticed a sky beast
  2000 | D:4      | Killed a sky beast
  2001 | D:4      | Reached skill level 5 in Fighting
  2001 | D:4      | Reached skill level 5 in Axes
  2001 | D:4      | Reached skill level 5 in Armour
  2048 | D:4      | Reached XP level 6. HP: 56/56 MP: 5/5
  2067 | D:4      | Found Ygedim's Jewellery Shoppe.
  2620 | D:5      | Entered Level 5 of the Dungeon
  2857 | D:5      | Reached XP level 7. HP: 32/62 MP: 6/6
  3105 | D:5      | Found Leissiv's Armour Boutique.
  3114 | D:5      | Reached skill level 6 in Fighting
  3279 | D:5      | Reached XP level 8. HP: 50/71 MP: 7/7
  3553 | D:5      | Reached skill level 7 in Fighting
  4161 | D:6      | You fall into a shaft and drop 1 floor!
  4237 | D:7      | Reached skill level 10 in Axes
  4502 | D:6      | Reached skill level 8 in Fighting
  4502 | D:6      | Reached XP level 9. HP: 70/81 MP: 8/8
  5258 | D:7      | Found a hide-covered altar of Uskayaw.
  5262 | D:7      | Found a sparkling altar of Nemelex Xobeh.
  5289 | D:7      | Noticed Joseph
  5299 | D:7      | Killed Joseph
  5600 | D:7      | Reached skill level 9 in Fighting
  5817 | D:7      | Found a staircase to the Ecumenical Temple.
  6022 | Temple   | Entered the Ecumenical Temple
  6112 | Temple   | Became a worshipper of Gozag Ym Sagoz the Greedy
  6651 | D:8      | Reached XP level 10. HP: 88/91 MP: 9/9
  6863 | D:8      | Found a staircase to the Lair.
  7076 | D:8      | Found a shadowy altar of Dithmenos.
  7385 | D:9      | Noticed Psyche
  7394 | D:9      | Killed Psyche
  7395 | D:9      | Reached skill level 10 in Fighting
  7622 | D:9      | Reached skill level 10 in Armour
  7765 | D:9      | Found Daopa's Superior Scales.
  8127 | D:10     | Entered Level 10 of the Dungeon
  8360 | D:10     | Found a flagged portal.
  8434 | Bailey   | Entered a bailey
  8901 | Bailey   | Found an iron altar of Okawaru.
  8901 | Bailey   | Noticed an orc high priest
  8909 | Bailey   | Noticed a smoke demon
  8921 | Bailey   | Killed an orc high priest
  8922 | Bailey   | Reached XP level 11. HP: 65/101 MP: 10/10
  9710 | D:10     | Acquired a manual of Throwing
  9772 | D:10     | Reached skill level 1 in Throwing
  9962 | D:10     | Reached skill level 5 in Evocations
 10197 | D:10     | Reached skill level 5 in Throwing
 11046 | D:11     | Noticed a five-headed hydra
 11050 | D:11     | Noticed a five-headed hydra
 11052 | D:11     | Killed a six-headed hydra
 11053 | D:11     | Reached skill level 10 in Throwing
 11056 | D:11     | Killed a five-headed hydra
 11115 | D:11     | Noticed a two-headed ogre
 11120 | D:11     | Killed a two-headed ogre
 11825 | Lair:1   | Entered Level 1 of the Lair of Beasts
 11888 | Lair:1   | Noticed Gastronok
 11890 | Lair:1   | Found a gate leading to a gauntlet.
 11904 | Lair:1   | Killed Gastronok
 11905 | Lair:1   | Reached XP level 12. HP: 75/107 MP: 11/11
 11918 | Gauntlet | Entered a Gauntlet
 11918 | Gauntlet | Found a transporter.
 12032 | Gauntlet | Found a transporter.
 12035 | Gauntlet | Found a transporter.
 12036 | Gauntlet | Found a transporter.
 12044 | Gauntlet | Found a transporter.
 12047 | Gauntlet | Found a transporter.
 12048 | Gauntlet | Found a transporter.
 12057 | Gauntlet | Found a transporter.
 12060 | Gauntlet | Found a transporter.
 12061 | Gauntlet | Found a transporter.
 12063 | Gauntlet | Noticed a ghost crab
 12067 | Gauntlet | Found a runed translucent door.
 12068 | Gauntlet | Found a runed translucent door.
 12069 | Gauntlet | Found a transporter.
 12072 | Gauntlet | Found a transporter.
 12073 | Gauntlet | Found a transporter.
 12084 | Gauntlet | Found a transporter.
 12212 | Gauntlet | Identified the +0 hat "Gitrydgho" {rPois Dex+2}
 12245 | Gauntlet | Noticed a minotaur
 12255 | Gauntlet | Killed a minotaur
 12256 | Gauntlet | Reached skill level 5 in Dodging
 13106 | Lair:2   | Found a hole to the Spider Nest.
 13298 | Lair:2   | Noticed a death yak
 13318 | Lair:2   | Killed a death yak
 13533 | Lair:2   | Reached skill level 11 in Fighting
 13918 | Lair:2   | Noticed an eight-headed hydra
 13930 | Lair:2   | Killed an eight-headed hydra
 14082 | Lair:2   | You fall into a shaft and drop 2 floors!
 14189 | Lair:4   | Noticed Urug
 14214 | Lair:4   | Killed Urug
 14343 | Lair:4   | Found a sacrificial altar of Ru.
 14353 | Lair:4   | Found a staircase to the Slime Pits.
 14811 | Lair:4   | Noticed a four-headed hydra
 14823 | Lair:4   | Killed a four-headed hydra
 15117 | Lair:4   | Reached XP level 13. HP: 85/117 MP: 12/12
 15611 | Lair:3   | Reached skill level 12 in Fighting
 16267 | Lair:3   | Found a staircase to the Shoals.
 16640 | Lair:5   | Entered Level 5 of the Lair of Beasts
 16995 | Lair:5   | Acquired the ring "Cyneypp" {rElec rPois Will+ Str+4
                  | Slay+3}
 17002 | Lair:5   | Reached skill level 10 in Dodging
 17014 | Lair:5   | Noticed a fire dragon
 17047 | Lair:5   | Killed a fire dragon
 17788 | Lair:5   | Reached skill level 13 in Fighting
 18475 | Lair:5   | Reached XP level 14. HP: 118/129 MP: 13/13
 18715 | Lair:5   | Paralysed by a hornet for 3 turns
 19401 | D:12     | Identified the +0 robe "Funuddo" {rF+ Slay+3 Archmagi}
 20229 | D:12     | Noticed Erolcha
 20239 | D:12     | Killed Erolcha
 20594 | D:12     | Found a staircase to the Orcish Mines.
 20605 | Orc:1    | Entered Level 1 of the Orcish Mines
 20605 | Orc:1    | Noticed Jorgrun
 20605 | Orc:1    | Noticed Snorg
 20624 | D:12     | Killed Jorgrun
 20960 | D:12     | Killed Snorg
 21062 | Orc:1    | Noticed Fannar
 21075 | Orc:1    | Killed Fannar
 21310 | Orc:1    | Noticed Maurice
 21325 | Orc:1    | Killed Maurice
 21414 | Orc:1    | Found Veshiwku's Firing Range.
 21464 | Orc:1    | Reached skill level 14 in Fighting
 21718 | Orc:2    | Entered Level 2 of the Orcish Mines
 21850 | Orc:2    | Found Qures's Antique Weapon Boutique.
 21976 | Orc:2    | Found a staircase to the Elven Halls.
 22106 | Orc:2    | Found Ceytummi's Book Boutique.
 22123 | Orc:2    | Found Qatoufuj's Distillery.
 22215 | Orc:2    | Bought a potion of heal wounds for 75 gold pieces
 22215 | Orc:2    | Bought a potion of mutation for 120 gold pieces
 22215 | Orc:2    | Bought a potion of mutation for 120 gold pieces
 22246 | Orc:2    | Found a radiant altar of Vehumet.
 22268 | Orc:2    | Found Uminein's Antique Armour Boutique.
 22308 | Orc:2    | Found an ancient bone altar of Kikubaaqudgha.
 22316 | Orc:2    | Bought bloodstained gold dragon scales for 2210 gold pieces
 22316 | Orc:2    | Identified the +2 gold dragon scales of Gulax Tie {rPois
                  | rF+ rC+ Str+4 Dex+4} (You bought it in a shop on level 2 of
                  | the Orcish Mines)
 22559 | Orc:2    | Found Ditoilat's Book Boutique.
 23550 | D:13     | Reached skill level 15 in Fighting
 23551 | D:13     | Reached skill level 15 in Armour
 24440 | D:14     | Reached skill level 5 in Shields
 24936 | D:14     | Reached XP level 15. HP: 105/136 MP: 14/14
 25414 | D:14     | Found a gate to the Vaults.
 25569 | D:14     | Acquired a manual of Shields
 25858 | D:14     | Noticed Agnes
 25876 | D:14     | Killed Agnes
 26128 | D:15     | Entered Level 15 of the Dungeon
 26251 | D:15     | Reached skill level 16 in Fighting
 26860 | D:15     | Found a staircase to the Depths.
 27379 | Spider:1 | Entered Level 1 of the Spider Nest
 27449 | Spider:1 | Noticed Josephine
 27462 | Spider:1 | Killed Josephine
 27597 | Spider:1 | Noticed an emperor scorpion
 27598 | Spider:1 | Noticed an emperor scorpion
 27602 | Spider:1 | Noticed an emperor scorpion
 27606 | Spider:1 | Reached skill level 10 in Shields
 27607 | Spider:1 | Killed an emperor scorpion
 27610 | Spider:1 | Killed an emperor scorpion
 27610 | Spider:1 | Killed an emperor scorpion
 28017 | Spider:1 | Noticed Rupert
 28228 | Spider:1 | Killed Rupert
 28229 | Spider:1 | Reached skill level 17 in Fighting
 28229 | Spider:1 | Reached skill level 15 in Throwing
 28621 | Spider:2 | HP: 5/128 [wolf spider[a jorogumo] (5)]
 28621 | Spider:2 | HP: 1/128 [jumping spider (4)]
 28622 | Spider:2 | Mangled by a pharaoh ant

Illustrated notes

Levels and vault maps discovered:
D:1:      ncdulo_smallfort, layout_rooms, kennysheep_decorative_pillar
D:2:      layout_loops_ring, basic_altar,
          chequers_ecumenical_altar_simple_redux, minivault_27,
          serial_bayou_ford_a
D:3:      layout_basic, uniq_jessica
D:4:      layout_cave_pods, serial_shops, nicolae_shop_window_shopping, shop
D:5:      layout_basic, serial_shops, shop, grunt_ministairs_7,
          kennysheep_generic_room_13
D:6:      layout_basic, abandoned_shop, serial_park_tiny_2
D:7:      layout_basic, chequers_temple_overflow_statue_of_worship, temple_hall,
          kennysheep_dice, uniq_joseph
D:8:      layout_basic, mainiacjoe_overflow_alcove_1, erik_lair_dragon,
          minivault_26, hangedman_abyss_or_decor_stabs, roderic_batcave
D:9:      layout_roguey, hellmonk_scale_shop, uniq_psyche
D:10:     layout_loops_ring, serial_glass, glass_columns_c, glass_columns_a,
          enter_bailey_4, serial_bayou_pond_c, minivault_23
D:11:     layout_basic
D:12:     layout_irregular_city, erik_orc_2, uniq_erolcha
D:13:     layout_long_grid
D:14:     layout_rooms, david_vaults_4, uniq_agnes
D:15:     hangedman_depths_entry_civil_slaughter, layout_rooms,
          kennysheep_doodads
Temple:   nicolae_temple_bog_church
Lair:1:   layout_loops_ring, gauntlet_entry_generic, uniq_gastronok
Lair:2:   layout_long_grid, dummy_spider_entry
Lair:3:   layout_cave_pods, elwin_shoals_entry_rooms, serial_bayou_shore_b,
          serial_bayou_shore_b, lemuel_fruit_fields, lemuel_fruit_fields,
          grunt_megastairs_5
Lair:4:   layout_gridlike, minmay_slime_entry_jelly_boxes, basic_altar,
          st_stairs_4, nicolae_lair_run_with_the_wolves,
          infiniplex_staircase_pool, uniq_urug
Lair:5:   hangedman_lair_tendril_chambers, layout_gridlike,
          bobbens_dragon_lair_wall
Spider:1: layout_spider_delve, drop_trap, nicolae_spider_scorpion_nest,
          uniq_josephine, uniq_rupert
Spider:2: layout_spider_delve, drop_trap
Orc:1:    layout_caves, serial_shops, nicolae_shop_advertising_works
          [nicolae_subvault_shop_adworks], ebering_ghost_gozag,
          nicolae_shop_firing_range, uniq_fannar, uniq_harold, uniq_sonja,
          uniq_maurice, uniq_jorgrun, uniq_snorg
Orc:2:    kennysheep_orc_mage_school, layout_caves, serial_shops,
          nicolae_shop_hallway_plus

Skill      XL: |  1  2  3  4  5  6  7  8  9 10 11 12 13 14 15 |
---------------+----------------------------------------------+-----
Axes           | 3 4 5 6 8 10 12 14 | 14.0
Fighting       | 4 5 6 8 9 10 11 13 15 17 | 17.1
Armour         | 4 5 6 7 9 10 11 13 15 | 15.0
Evocations     | 3 6 |  6.0
Throwing       | 11 13 15 | 15.0
Dodging        | 4 8 12 13 | 13.0
Shields        | 5 11 | 11.8
Stealth        | |  0.1

Action                   |  1- 3 |  4- 6 |  7- 9 | 10-12 | 13-15 || total
-------------------------+-------+-------+-------+-------+-------++-------
Melee: War axe           |    78 |    68 |   254 |   526 |   791 ||  1717
       Headbutt          |     9 |    12 |    51 |   130 |   228 ||   430
       Broad axe         |       |       |       |       |   225 ||   225
Throw: Boomerang         |       |       |       |    19 |     7 ||    26
Invok: Potion Petition   |       |       |       |       |     3 ||     3
Evoke: Wand              |       |       |       |    12 |     1 ||    13
  Use: Scroll            |       |       |    10 |    10 |    17 ||    37
       Potion            |       |       |       |       |     5 ||     5
 Stab: Distracted        |       |       |       |    10 |     6 ||    16
       Paralysed         |       |       |       |     2 |       ||     2
Armor: Scale mail        |    29 |    28 |   131 |   104 |       ||   292
       Plate armour      |       |       |       |   136 |   302 ||   438
       Skin              |       |       |       |       |     8 ||     8
       Gold dragon scale |       |       |       |       |   387 ||   387
Dodge: Dodged            |    52 |    39 |   128 |   198 |   641 ||  1058
Block: Buckler           |    18 |    10 |    51 |   103 |   285 ||   467

Table legend: (Time is in decaauts)
 A = Elapsed time spent in this place.
 B = Non-inter-level travel time spent in this place.
 C = Inter-level travel time spent in this place.
 D = Time resting spent in this place.
 E = Time spent auto-exploring this place.
 F = Levels seen in this place.
 G = Mean time per level.
                   A        B        C        D        E       F      G
               +--------+--------+--------+--------+--------+-----+--------+
         Total |  28568 |  27175 |   1393 |   4290 |  18838 |  27 | 1058.1 |
       Dungeon |  16433 |  15530 |    903 |   3064 |  10346 |  15 | 1095.5 |
        Temple |    110 |     94 |     16 |      0 |     71 |   1 |  110.0 |
          Lair |   7362 |   7021 |    341 |    860 |   5203 |   5 | 1472.4 |
   Spider Nest |    975 |    946 |     29 |      0 |    720 |   2 |  487.5 |
  Orcish Mines |   2065 |   1963 |    102 |      0 |   1642 |   2 | 1032.5 |
        Bailey |   1275 |   1275 |      0 |    366 |    642 |   1 | 1275.0 |
      Gauntlet |    345 |    345 |      0 |      0 |    212 |   1 |  345.0 |
               +--------+--------+--------+--------+--------+-----+--------+

Top non-repeatable levels by time:
  Lair:5: 1853 daAuts
    D:14: 1723 daAuts
  Lair:2: 1681 daAuts
  Lair:4: 1626 daAuts
    D:12: 1619 daAuts
    D:13: 1609 daAuts
  Lair:3: 1393 daAuts
   Orc:2: 1301 daAuts
    D:11: 1286 daAuts
  Bailey: 1275 daAuts
     D:5: 1241 daAuts
     D:6: 1179 daAuts
     D:8: 1138 daAuts
    D:10: 1101 daAuts
     D:9: 1093 daAuts
